 Dungeon Crawl Stone Soup version 0.19-a0-1223-gf83d13a (webtiles) character file.

485 4thArraOfDagon the Firebug (level 6, -3/32 HPs)
             Began as a Deep Elf Fire Elementalist on Aug 24, 2016.
             Was a Follower of Vehumet.
             Slain by a centaur zombie (8 damage)
             ... in an ossuary.
             The game lasted 00:07:42 (1598 turns).

4thArraOfDagon the Firebug (DEFE)                   Turns: 1598, Time: 00:07:43

Health: -3/32      AC:  2    Str:  5    XL:     6   Next: 88%
Magic:  0/15       EV: 13    Int: 22    God:    Vehumet [*.....]
Gold:   132        SH:  0    Dex: 15    Spells: 3 memorised, 7 levels left

rFire  + . .     SeeInvis .     q - +1 trident
rCold  . . .     Gourm    .     a - +0 robe
rNeg   . . .     Faith    .     (no shield)
rPois  .         Spirit   .     (no helmet)
rElec  .         Dismiss  .     (no cloak)
rCorr  .         Reflect  .     (no gloves)
MR     .....     Harm     .     (no boots)
Stlth  ++........               (no amulet)
                                (no ring)
                                l - ring of protection from fire

@: no status effects
A: deterioration 1
a: Renounce Religion


You were in an ossuary.
You worshipped Vehumet.
Vehumet was aware of your devotion.
You were not hungry.

You visited 2 branches of the dungeon, and saw 9 of its levels.
You also visited: Ossuary.

You collected 132 gold pieces.

Inventory:

Hand Weapons
 p - a +0 long sword
 q - a +1 trident (weapon)
Armour
 a - a +0 robe (worn)
Jewellery
 l - a ring of protection from fire (left hand)
Scrolls
 e - a scroll of immolation
 f - a scroll of teleportation
 g - 3 scrolls of remove curse
 j - a scroll of noise
 o - a scroll of amnesia
Potions
 r - a potion of haste
Books
 b - a book of Flames

   Spells                             Type                      Level
   a - Flame Tongue                   Conjuration/Fire             1
   b - Throw Flame                    Conjuration/Fire             2
   c - Conjure Flame                  Conjuration/Fire             3
   d - Inner Flame                    Hexes/Fire                   3
   e - Sticky Flame                   Conjuration/Fire             4
   f - Fireball                       Conjuration/Fire             5
Comestibles
 c - 4 bread rations
 h - 5 fruits


   Skills:
 - Level 2.4 Dodging
 - Level 2.4 Stealth
 + Level 5.2 Spellcasting
 * Level 4.7 Conjurations
 * Level 6.1 Fire Magic


You had 7 spell levels left.
You knew the following spells:

 Your Spells              Type           Power        Failure   Level  Hunger
a - Flame Tongue          Conj/Fire      ####.        1%          1    None
b - Conjure Flame         Conj/Fire      ####....     3%          3    ##.....
c - Sticky Flame          Conj/Fire      ####....     12%         4    ####...


Dungeon Overview and Level Annotations

Branches:
Dungeon (8/15)             Temple (1/1) D:4
   Lair: D:8-11

Altars:
Ashenzari
Cheibriados
Dithmenos
Elyvilon
Fedhas
Gozag
Hepliaklqana
Makhleb
Nemelex Xobeh
Okawaru
Qazlal
Ru
Trog
Uskayaw
Vehumet
Xom
Yredelemnul
Zin
The Shining One

Shops:
D:6 (   D:8 :

Annotations:
D:4 Menkaure


Innate Abilities, Weirdness & Mutations

Your body sometimes deteriorates upon taking damage.


Message History

There is an open door, spattered with blood here.
Casting: Flame Tongue
Confirm with . or Enter, or press ? or * to list all spells.
Aiming: Conjure Flame
Press: ? - help, Dir - move target cursor The fire roars!
The centaur zombie closely misses you.
Unknown command.
Unknown command.
Okay, then.
Unknown command.
Unknown command.
Unknown command.
You hit the centaur zombie.
The centaur zombie is lightly damaged.
The centaur zombie is engulfed in roaring flames.
The centaur zombie hits you.
* * * LOW HITPOINT WARNING * * *
The centaur zombie is engulfed in roaring flames.
The centaur zombie hits you!
You die...

#+# ##### ###.###
##...## ##.....##
#.....# #.......#
##.....###...∩...##
#....Z..'...∩∩∩...+
##...@.###...∩...##
#.....# #.......#
##...## ##.....##
##### ###.### #+#


You could see a centaur zombie.

Vanquished Creatures
  A water moccasin (D:7)
  An elf zombie (Ossuary)
  A scorpion (D:7)
  A centaur zombie (Ossuary)
  A human zombie (Ossuary)
  An orc wizard (D:4)
  An iguana (D:4)
  A worker ant (D:4)
  A mummy (Ossuary)
  2 worker ant zombies
  6 adders
  A shadow imp (D:5)
  A dart slug (D:3)
  3 giant geckos
  3 orcs
  4 goblins
  5 hobgoblins
  A jackal (D:3)
  3 quokkas
  A bat (D:2)
  2 giant newts
  2 kobolds
  A rat (D:2)
44 creatures vanquished.

Notes
Turn   | Place    | Note
-------+----------+-------------------------------------------
     0 | D:1      | 4thArraOfDagon the Deep Elf Fire Elementalist began the quest for the Orb.
     0 | D:1      | Reached XP level 1. HP: 10/10 MP: 6/6
   351 | D:1      | Reached XP level 2. HP: 9/15 MP: 5/8
   524 | D:3      | Reached skill level 4 in Fire Magic
   524 | D:3      | Reached XP level 3. HP: 11/19 MP: 5/9
   546 | D:4      | Learned a level 3 spell: Conjure Flame
   589 | D:4      | Found a staircase to the Ecumenical Temple.
   598 | Temple   | Entered the Ecumenical Temple
   761 | Temple   | Became a worshipper of Vehumet
   840 | D:4      | Noticed Menkaure
   861 | D:4      | Reached XP level 4. HP: 24/24 MP: 1/11
   904 | D:4      | Learned a level 4 spell: Sticky Flame
   907 | D:4      | Found an iron altar of Okawaru.
   931 | D:5      | Entered Level 5 of the Dungeon
  1139 | D:5      | Reached XP level 5. HP: 15/28 MP: 1/13
  1287 | D:7      | Reached skill level 5 in Fire Magic
  1289 | D:7      | Found a shimmering altar of Xom.
  1364 | D:6      | Found Vabbitas's Antique Weapon Emporium.
  1460 | D:7      | Noticed a water moccasin
  1464 | D:7      | Killed a water moccasin
  1464 | D:7      | Reached XP level 6. HP: 11/32 MP: 6/15
  1500 | D:8      | Gained mutation: Your body sometimes deteriorates upon taking damage. [potion of mutation]
  1500 | D:8      | Gained mutation: Armour fits poorly on your strangely shaped body. [potion of mutation]
  1500 | D:8      | Lost mutation: Armour fits poorly on your strangely shaped body. [potion of mutation]
  1520 | D:8      | Found Peugroni's Book Emporium.
  1551 | D:8      | Found a sand-covered staircase.
  1557 | Ossuary  | Entered an ossuary
  1571 | Ossuary  | Reached skill level 5 in Spellcasting
  1578 | Ossuary  | Reached * piety under Vehumet
  1578 | Ossuary  | Offered knowledge of Sting by Vehumet.
  1578 | Ossuary  | Reached skill level 6 in Fire Magic
  1598 | Ossuary  | Slain by a centaur zombie

Vault maps used:
D:1:      minmay_arrival_nine_rooms
D:2:      first_bread
D:3:      minmay_misc_feat_nine_boxes, uniq_natasha
D:4:      minmay_goblin_kobold_castle, okawaru_metal_pillars_1_2, uniq_menkaure,
          uniq_pikel
D:5:      led_sif_pool, minmay_misc_feat_tiny
D:6:      minmay_diamond_boxcup, serial_shops, nicolae_shop_stone,
          serial_corexii_hall, corexii_hall_statues_s, corexii_hall_statues_l,
          grunt_nemelex_the_gamble
D:7:      lemuel_doored_altar
D:8:      lemuel_zombie_altar_kikubaaqudgha, dpeg_oklobed_lair, serial_shops,
          shop, shop, nicolae_shop_overgrown_old_shop, shop,
          nicolae_ossuary_entry_plus, grunt_ogre_cave, kennysheep_just_a_vault
Temple:   dpeg_five_rooms_temple
Ossuary:  ossuary_minmay_four_chambers

Skill      XL: |  1  2  3  4  5  6 |
---------------+-------------------+-----
Conjurations   | 2 3 4 |  4.7
Fire Magic     | 4 5 6 |  6.1
Spellcasting   | 4 5 |  5.2
Dodging        | |  2.4
Stealth        | |  2.4

Action                   |  1- 3 |  4- 6 || total
-------------------------+-------+-------++-------
Melee: Unarmed           |     3 |    21 ||    24
       Trident           |       |     4 ||     4
       Long sword        |       |     1 ||     1
 Cast: Flame Tongue      |    45 |    43 ||    88
       Conjure Flame     |     1 |     4 ||     5
       Sticky Flame      |       |     7 ||     7
  Use: Potion            |     1 |     4 ||     5
       Scroll            |       |     7 ||     7
  Eat: Chunk             |       |     4 ||     4
Armor: Robe              |     5 |     6 ||    11
Dodge: Dodged            |    23 |    40 ||    63
